| TOP OF THE 1ST |
|
Sacramento River Cats batting - Pitching for Colorado Springs Sky Sox : RHP Pei Xie
|
|
Pitching: RHP Pei Xie
|
|
|
Batting: SHB Carlos Rodriguez
|
0-0: Ball 1-0: Foul Ball, location: 2F 1-1: Foul Ball, location: 2F 1-2: Strikes out swinging
|
|
Batting: RHB Sterling Acosta
|
0-0: Swinging Strike 0-1: Ball 1-1: Swinging Strike 1-2: Ball 2-2: Fly out, F8 (Flyball, 8RD, EV 101.2 MPH)
|
|
Batting: LHB Mason Duffy
|
0-0: Foul Ball, location: 2F 0-1: Ball 1-1: Called Strike 1-2: Ball 2-2: Foul Ball, location: 2F 2-2: Ball 3-2: Base on Balls
|
|
Batting: RHB Brian Rogers
|
0-0: Called Strike 0-1: Foul Ball, location: 2F 0-2: Strikes out swinging
|
| Top of the 1st over - 0 runs, 0 hits, 0 errors, 1 left on base; Sacramento 0 - Colorado Springs 0 |
| BOTTOM OF THE 1ST |
|
Colorado Springs Sky Sox batting - Pitching for Sacramento River Cats : RHP Doug Kennie
|
|
Pitching: RHP Doug Kennie
|
|
|
Batting: RHB Juan Figueroa
|
0-0: Foul Ball, location: 2F 0-1: Ground out 4-3 (Groundball, 4, EV 103.1 MPH)
|
|
Batting: RHB Ryan Rinaldi
|
0-0: Ball 1-0: Ball 2-0: SINGLE (Groundball, 6M, EV 103.8 MPH) (infield hit)
|
|
Batting: LHB Kyle Schaible
|
0-0: Ball 1-0: Ball Ryan Rinaldi is caught stealing 2nd base 2-6 2-0: Swinging Strike 2-1: Foul Ball, location: 2F 2-2: Ball 3-2: Foul Ball, location: 2F 3-2: DOUBLE (Line Drive, 89XD, EV 106.9 MPH)
|
|
Batting: LHB Michael Krott
|
0-0: Ball 1-0: Called Strike 1-1: Swinging Strike 1-2: Foul Ball, location: 2F 1-2: Strikes out swinging
|
| Bottom of the 1st over - 0 runs, 2 hits, 0 errors, 1 left on base; Sacramento 0 - Colorado Springs 0 |
| TOP OF THE 2ND |
|
Sacramento River Cats batting - Pitching for Colorado Springs Sky Sox : RHP Pei Xie
|
|
Batting: LHB Pauli Gassinger
|
0-0: Called Strike 0-1: Swinging Strike 0-2: Ball 1-2: Ball 2-2: Ball 3-2: Fly out, F8 (Flyball, 78M, EV 95.6 MPH)
|
|
Batting: RHB Curt Earnest
|
0-0: Foul Ball, location: 2F 0-1: Ball 1-1: Swinging Strike 1-2: Fly out, F9 (Flyball, 9S, EV 72.5 MPH)
|
|
Batting: RHB Justin Bonner
|
0-0: Ball 1-0: Called Strike 1-1: Swinging Strike 1-2: Ball 2-2: Strikes out swinging
|
| Top of the 2nd over - 0 runs, 0 hits, 0 errors, 0 left on base; Sacramento 0 - Colorado Springs 0 |
| BOTTOM OF THE 2ND |
|
Colorado Springs Sky Sox batting - Pitching for Sacramento River Cats : RHP Doug Kennie
|
|
Batting: RHB Kevin Tangeman
|
0-0: Called Strike 0-1: Swinging Strike 0-2: Ball 1-2: Ground out 6-3 (Groundball, 6, EV 86.9 MPH)
|
|
Batting: RHB Eric Delgado
|
0-0: Ground out 5-3 (Groundball, 56S, EV 93.1 MPH)
|
|
Batting: SHB Chris Besselman
|
0-0: Ball 1-0: Ball 2-0: Swinging Strike 2-1: Ground out 4-3 (Groundball, 4, EV 106.2 MPH)
|
| Bottom of the 2nd over - 0 runs, 0 hits, 0 errors, 0 left on base; Sacramento 0 - Colorado Springs 0 |
| TOP OF THE 3RD |
|
Sacramento River Cats batting - Pitching for Colorado Springs Sky Sox : RHP Pei Xie
|
|
Batting: RHB Tyler Mapes
|
0-0: Ball 1-0: Called Strike 1-1: Called Strike 1-2: Ball 2-2: Foul Ball, location: 2F 2-2: Ball 3-2: Base on Balls
|
|
Batting: SHB David Beauchamp
|
0-0: Called Strike 0-1: Ball 1-1: Ball 2-1: Foul Ball, location: 2F 2-2: Ball 3-2: Foul Ball, location: 2F 3-2: Strikes out swinging Tyler Mapes is caught stealing 2nd base 2-6 Batter strikes out.
|
|
Batting: SHB Carlos Rodriguez
|
0-0: Swinging Strike 0-1: Ball 1-1: Swinging Strike 1-2: Strikes out swinging
|
| Top of the 3rd over - 0 runs, 0 hits, 0 errors, 0 left on base; Sacramento 0 - Colorado Springs 0 |
| BOTTOM OF THE 3RD |
|
Colorado Springs Sky Sox batting - Pitching for Sacramento River Cats : RHP Doug Kennie
|
|
Batting: RHB Maurice Moore
|
0-0: Called Strike 0-1: Ground out 4-3 (Groundball, 4, EV 81.9 MPH)
|
|
Batting: RHB Pei Xie
|
0-0: Called Strike 0-1: Swinging Strike 0-2: Strikes out swinging
|
|
Batting: RHB Juan Figueroa
|
0-0: Ball 1-0: Ball 2-0: Ball 3-0: Called Strike 3-1: Called Strike 3-2: Strikes out swinging
|
| Bottom of the 3rd over - 0 runs, 0 hits, 0 errors, 0 left on base; Sacramento 0 - Colorado Springs 0 |
| TOP OF THE 4TH |
|
Sacramento River Cats batting - Pitching for Colorado Springs Sky Sox : RHP Pei Xie
|
|
Batting: RHB Sterling Acosta
|
0-0: Called Strike 0-1: Foul Ball, location: 2F 0-2: Ball 1-2: Ball 2-2: Ground out 6-3 (Groundball, 6, EV 107.5 MPH)
|
|
Batting: LHB Mason Duffy
|
0-0: Called Strike 0-1: Ball 1-1: Ground out 4-3 (Groundball, 34, EV 81.9 MPH)
|
|
Batting: RHB Brian Rogers
|
0-0: Foul Ball, location: 2F 0-1: Ball 1-1: Ball 2-1: Foul Ball, location: 2F 2-2: Ball 3-2: Base on Balls
|
|
Batting: LHB Pauli Gassinger
|
0-0: Ball 1-0: Ball 2-0: Ball 3-0: Base on Balls Brian Rogers to second
|
|
Batting: RHB Curt Earnest
|
0-0: Ball 1-0: Swinging Strike 1-1: Ball 2-1: Fielders Choice at 2nd, 6-4 (Groundball, 6, EV 80.6 MPH)
|
| Top of the 4th over - 0 runs, 0 hits, 0 errors, 2 left on base; Sacramento 0 - Colorado Springs 0 |
| BOTTOM OF THE 4TH |
|
Colorado Springs Sky Sox batting - Pitching for Sacramento River Cats : RHP Doug Kennie
|
|
Batting: RHB Ryan Rinaldi
|
0-0: Ball 1-0: Ball 2-0: Called Strike 2-1: Ball 3-1: Ground out U3 (Groundball, 34, EV 86.9 MPH)
|
|
Batting: LHB Kyle Schaible
|
0-0: Called Strike 0-1: Fly out, F8 (Flyball, 8LM, EV 84.4 MPH)
|
|
Batting: LHB Michael Krott
|
0-0: Ball 1-0: Called Strike 1-1: SINGLE (Line Drive, 89S, EV 106.9 MPH)
|
|
Batting: RHB Kevin Tangeman
|
0-0: Foul Ball, location: 2F 0-1: Foul Ball, location: 2F 0-2: Ball 1-2: SINGLE (Groundball, 56D, EV 103.8 MPH) (infield hit) Michael Krott to second
|
|
Batting: RHB Eric Delgado
|
0-0: Called Strike 0-1: Ball 1-1: Foul Ball, location: 2F 1-2: Ball 2-2: Ball 3-2: Foul Ball, location: 2F 3-2: SINGLE (Line Drive, 6, EV 96.9 MPH) Michael Krott to third Kevin Tangeman to second Michael Krott scores Kevin Tangeman to third
|
|
Batting: SHB Chris Besselman
|
0-0: Ball 1-0: Ground out U3 (Groundball, 3S, EV 68.1 MPH)
|
| Bottom of the 4th over - 1 run, 3 hits, 0 errors, 2 left on base; Sacramento 0 - Colorado Springs 1 |
| TOP OF THE 5TH |
|
Sacramento River Cats batting - Pitching for Colorado Springs Sky Sox : RHP Pei Xie
|
|
Batting: RHB Justin Bonner
|
0-0: Foul Ball, location: 2F 0-1: Swinging Strike 0-2: Foul Ball, location: 2F 0-2: Foul Ball, location: 2F 0-2: Ball 1-2: Foul Ball, location: 2F 1-2: Strikes out looking
|
|
Batting: RHB Tyler Mapes
|
0-0: Foul Ball, location: 2F 0-1: Ball 1-1: Swinging Strike 1-2: Ball 2-2: Ball 3-2: Strikes out swinging
|
|
Batting: SHB David Beauchamp
|
0-0: Ball 1-0: Reached on error, E3 (Groundball, 3, EV 105.0 MPH)
|
|
Pitching: RHP Zach Sommer
|
|
|
Batting: SHB Carlos Rodriguez
|
0-0: Ball 1-0: Foul Ball, location: 2F 1-1: Called Strike 1-2: TRIPLE (Line Drive, 89XD, EV 102.5 MPH) David Beauchamp scores
|
|
Batting: RHB Sterling Acosta
|
0-0: Ball Wild Pitch! Carlos Rodriguez scores 1-0: Called Strike 1-1: Ball 2-1: Foul Ball, location: 2F 2-2: Strikes out swinging
|
| Top of the 5th over - 2 runs, 1 hit, 1 error, 0 left on base; Sacramento 2 - Colorado Springs 1 |
| BOTTOM OF THE 5TH |
|
Colorado Springs Sky Sox batting - Pitching for Sacramento River Cats : RHP Doug Kennie
|
|
Batting: RHB Maurice Moore
|
0-0: Ball 1-0: Ground out 4-3 (Groundball, 4, EV 89.4 MPH)
|
|
Batting: RHB Pei Xie
|
0-0: Foul Ball, location: 2F 0-1: Ball 1-1: Ball 2-1: Bunt missed! 2-2: SINGLE (Line Drive, 89M, EV 114.4 MPH)
|
|
Batting: RHB Juan Figueroa
|
0-0: Ball 1-0: Called Strike 1-1: Ball 2-1: Grounds into double play, 6-4-3 (Groundball, 6, EV 85.6 MPH)
|
| Bottom of the 5th over - 0 runs, 1 hit, 0 errors, 0 left on base; Sacramento 2 - Colorado Springs 1 |
| TOP OF THE 6TH |
|
Sacramento River Cats batting - Pitching for Colorado Springs Sky Sox : RHP Zach Sommer
|
|
Batting: LHB Mason Duffy
|
0-0: Ball 1-0: Fly out, F8 (Flyball, 8RD, EV 103.8 MPH)
|
|
Batting: RHB Brian Rogers
|
0-0: Called Strike 0-1: Called Strike 0-2: Foul Ball, location: 2F 0-2: Reached on error, E6 (Groundball, 6, EV 100.6 MPH)
|
|
Batting: LHB Pauli Gassinger
|
0-0: Swinging Strike 0-1: Ball 1-1: Foul Ball, location: 2F 1-2: Fly out, F2 (Popup, 2RF, EV 81.9 MPH)
|
|
Batting: RHB Curt Earnest
|
0-0: Ball 1-0: Called Strike 1-1: Ball 2-1: SINGLE (Groundball, 6D, EV 106.9 MPH) Brian Rogers to third Runner from 3rd tries for Home, SAFE, throw by LF to home
|
|
Batting: RHB Justin Bonner
|
0-0: Swinging Strike 0-1: Called Strike 0-2: Ball 1-2: Fielders Choice at 2nd, 6-4 (Groundball, 6, EV 85.6 MPH)
|
| Top of the 6th over - 1 run, 1 hit, 1 error, 1 left on base; Sacramento 3 - Colorado Springs 1 |
| BOTTOM OF THE 6TH |
|
Colorado Springs Sky Sox batting - Pitching for Sacramento River Cats : RHP Doug Kennie
|
|
Batting: RHB Ryan Rinaldi
|
0-0: Ball 1-0: Called Strike 1-1: Ball 2-1: Ball 3-1: Base on Balls
|
|
Batting: LHB Kyle Schaible
|
0-0: Called Strike 0-1: Ball Ryan Rinaldi steals 2nd base 1-1: SINGLE (Line Drive, 9S, EV 111.2 MPH) Ryan Rinaldi to third
|
|
Pitching: LHP Jimmy Heinecke
|
|
|
Batting: LHB Michael Krott
|
Pickoff Throw to First - Out! 1-3 0-0: Called Strike 0-1: Foul Ball, location: 2F 0-2: Ball 1-2: Ball 2-2: Ball 3-2: Foul Ball, location: 2F 3-2: Base on Balls
|
|
Batting: RHB Kevin Tangeman
|
0-0: Swinging Strike 0-1: Ball 1-1: Fly out, F7 (Flyball, 7LS, EV 88.1 MPH)
|
|
Batting: RHB Eric Delgado
|
0-0: Ball 1-0: Foul Ball, location: 2F 1-1: Fly out, F7 (Flyball, 7LD, EV 98.1 MPH)
|
| Bottom of the 6th over - 0 runs, 1 hit, 0 errors, 2 left on base; Sacramento 3 - Colorado Springs 1 |
| TOP OF THE 7TH |
|
Sacramento River Cats batting - Pitching for Colorado Springs Sky Sox : RHP Zach Sommer
|
|
Batting: RHB Tyler Mapes
|
0-0: Ball 1-0: SINGLE (Groundball, 6S, EV 73.1 MPH) (infield hit)
|
|
Batting: SHB David Beauchamp
|
0-0: Sac Bunt to 15S - play at first, batter OUT! 1-3 Tyler Mapes to second
|
|
Batting: SHB Carlos Rodriguez
|
0-0: Intentional Walk
|
|
Batting: RHB Sterling Acosta
|
0-0: Swinging Strike 0-1: Swinging Strike 0-2: Foul Ball, location: 2F 0-2: Ground out 4-3 (Groundball, 4S, EV 66.2 MPH) Tyler Mapes to third Carlos Rodriguez to second
|
|
Batting: LHB Mason Duffy
|
0-0: Called Strike 0-1: Ball 1-1: Ball 2-1: Ground out 3-1 (Groundball, 34S, EV 85.6 MPH)
|
| Top of the 7th over - 0 runs, 1 hit, 0 errors, 2 left on base; Sacramento 3 - Colorado Springs 1 |
| BOTTOM OF THE 7TH |
|
Colorado Springs Sky Sox batting - Pitching for Sacramento River Cats : LHP Jimmy Heinecke
|
|
Pitching: RHP Chad Steffee
|
|
|
Now in RF: Franklin Quezada
|
|
|
Batting: SHB Chris Besselman
|
0-0: Ball 1-0: Ball 2-0: SINGLE (Line Drive, 9S, EV 92.5 MPH)
|
|
Batting: RHB Maurice Moore
|
0-0: Ball 1-0: Sac Bunt to 2L - play at first, batter OUT! 2-4 Chris Besselman to second
|
|
Batting: LHB Luke Coulter
|
0-0: Swinging Strike 0-1: Foul Ball, location: 2F 0-2: Ball 1-2: Ball 2-2: Strikes out swinging
|
|
Batting: RHB Juan Figueroa
|
0-0: Ball 1-0: Ball 2-0: Ball 3-0: Called Strike 3-1: Base on Balls
|
|
Batting: RHB Ryan Rinaldi
|
0-0: Ball 1-0: Ball 2-0: Swinging Strike 2-1: Ball 3-1: SINGLE (Groundball, 25, EV 71.9 MPH) (infield hit) Chris Besselman to third Juan Figueroa to second
|
|
Pitching: LHP Joel Page
|
|
|
Batting: LHB Kyle Schaible
|
0-0: Ball 1-0: Swinging Strike 1-1: Fly out, F8 (Flyball, 8RXD, EV 111.9 MPH)
|
| Bottom of the 7th over - 0 runs, 2 hits, 0 errors, 3 left on base; Sacramento 3 - Colorado Springs 1 |
| TOP OF THE 8TH |
|
Sacramento River Cats batting - Pitching for Colorado Springs Sky Sox : RHP Zach Sommer
|
|
Pitching: RHP Mike Clark
|
|
|
Batting: RHB Brian Rogers
|
0-0: Called Strike 0-1: Ball 1-1: Ball 2-1: SINGLE (Line Drive, 8RS, EV 96.2 MPH)
|
|
Batting: LHB Pauli Gassinger
|
0-0: Called Strike 0-1: Swinging Strike 0-2: Foul Ball, location: 2F 0-2: Ball 1-2: Ball 2-2: Ball 3-2: Grounds into double play, 5-4-3 (Groundball, 56, EV 107.5 MPH)
|
|
Batting: RHB Curt Earnest
|
0-0: Ball 1-0: Called Strike 1-1: Ball 2-1: Foul Ball, location: 2F 2-2: Strikes out looking
|
| Top of the 8th over - 0 runs, 1 hit, 0 errors, 0 left on base; Sacramento 3 - Colorado Springs 1 |
| BOTTOM OF THE 8TH |
|
Colorado Springs Sky Sox batting - Pitching for Sacramento River Cats : LHP Joel Page
|
|
Now at 1B: Jose Rivera
|
|
|
Batting: LHB Michael Krott
|
0-0: Ball 1-0: Ball 2-0: SINGLE (Groundball, 4S, EV 68.1 MPH) (infield hit)
|
|
Batting: RHB Kevin Tangeman
|
0-0: Ball 1-0: Grounds into double play, 5-4-3 (Groundball, 56S, EV 83.8 MPH)
|
|
Batting: RHB Eric Delgado
|
0-0: Called Strike 0-1: Foul Ball, location: 2F 0-2: Strikes out swinging
|
| Bottom of the 8th over - 0 runs, 1 hit, 0 errors, 0 left on base; Sacramento 3 - Colorado Springs 1 |
| TOP OF THE 9TH |
|
Sacramento River Cats batting - Pitching for Colorado Springs Sky Sox : RHP Mike Clark
|
|
Batting: RHB Justin Bonner
|
0-0: Ball 1-0: Ball 2-0: Ball 3-0: Base on Balls
|
|
Batting: RHB Tyler Mapes
|
0-0: Called Strike 0-1: Ball 1-1: Swinging Strike 1-2: Strikes out swinging
|
|
Batting: SHB David Beauchamp
|
0-0: Ground out 4-3 (Groundball, 34, EV 108.8 MPH) Justin Bonner to second
|
|
Batting: SHB Carlos Rodriguez
|
0-0: Foul Ball, location: 2F 0-1: Fly out, F7 (Flyball, 7S, EV 95.0 MPH)
|
| Top of the 9th over - 0 runs, 0 hits, 0 errors, 1 left on base; Sacramento 3 - Colorado Springs 1 |
| BOTTOM OF THE 9TH |
|
Colorado Springs Sky Sox batting - Pitching for Sacramento River Cats : LHP Joel Page
|
|
Pitching: RHP Harry Dickson
|
|
|
Now at 2B: Steve Jones
|
|
|
Batting: SHB Chris Besselman
|
0-0: Called Strike 0-1: Ground out U3 (Groundball, 34, EV 83.1 MPH)
|
|
Batting: RHB Maurice Moore
|
0-0: Called Strike 0-1: Ball 1-1: Ball 2-1: Swinging Strike 2-2: Ball 3-2: Fly out, F8 (Line Drive, 8RD, EV 111.2 MPH)
|
|
Batting: LHB Luke Coulter
|
0-0: Called Strike 0-1: Ball 1-1: Ball 2-1: Foul Ball, location: 2F 2-2: SINGLE (Groundball, 4D, EV 99.4 MPH)
|
|
Batting: RHB Juan Figueroa
|
0-0: Called Strike 0-1: Ball 1-1: Ball 2-1: SINGLE (Groundball, 34, EV 88.1 MPH) (infield hit) Luke Coulter to second
|
|
Batting: RHB Ryan Rinaldi
|
0-0: Called Strike 0-1: Ball 1-1: Ball 2-1: SINGLE (Groundball, 5L, EV 78.1 MPH) (infield hit) Luke Coulter to third Juan Figueroa to second
|
|
Batting: LHB Kyle Schaible
|
0-0: Ball 1-0: Ball 2-0: Ball 3-0: Base on Balls Luke Coulter scores Juan Figueroa to third Ryan Rinaldi to second
|
|
Batting: LHB Michael Krott
|
0-0: Swinging Strike 0-1: Foul Ball, location: 2F 0-2: Ball 1-2: Fly out, F4 (Line Drive, 34D, EV 73.8 MPH)
|
| Bottom of the 9th over - 1 run, 3 hits, 0 errors, 3 left on base; Sacramento 3 - Colorado Springs 2 |
|